 Dungeon Crawl Stone Soup version 0.27-a0-590-g94244163b4 (webtiles) character file.

Game seed: 9921519120254915060

2 kae the Ruffian (level 1, 0/18 HPs)
             Began as a Naga Transmuter on Mar 10, 2021.
             Slain by a kobold (4 damage)
             ... on level 1 of the Dungeon.
             The game lasted 00:00:13 (56 turns).

kae the Ruffian (Naga Transmuter)                     Turns: 56, Time: 00:00:13

Health: 0/18       AC:  1    Str: 12    XL:     1   Next: 40%
Magic:  2/3        EV:  9    Int: 13    God:
Gold:   0          SH:  0    Dex: 11    Spells: 3/4 levels left

rFire    . . .     SeeInvis +     - Unarmed
rCold    . . .     Faith    .   (no shield)
rNeg     . . .     Spirit   .   a - +0 robe
rPois    +         Reflect  .   (helmet currently unavailable)
rElec    .         Harm     .   (no cloak)
rCorr    .         Rampage  .   (no gloves)
Will     .....                  (no barding)
Stlth    +.........             (no amulet)
HPRegen  0.06/turn              (no ring)
MPRegen  0.08/turn              (no ring)

@: short of breath, appendages, very slow
A: large, horns 2, see invisible, deformed body, poison resistance, slowness 2,
spit poison 1, naga tail 1, AC +0
a: Spit Poison, End Transformation


You were on level 1 of the Dungeon.
You had grown temporary horns.
You visited 1 branch of the dungeon, and saw 1 of its levels.

Inventory:

Armour
 a - a +0 robe (worn)
 b - a +1 helmet


   Skills:
 - Level 1.0 Fighting
 - Level 1.5 Dodging
 + Level 3.1 Unarmed Combat
 - Level 2.0 Spellcasting
 + Level 2.1 Transmutations


You had 3 spell levels left.
You knew the following spells:

 Your Spells              Type           Power      Damage    Failure   Level
a - Beastly Appendage     Tmut           12%        N/A       11%         1

Your spell library contained the following spells:

 Spells                   Type           Power      Damage    Failure   Level
 Wereblood                Tmut           6%         N/A       16%         2
 Spider Form              Tmut/Pois      2%         N/A       45%         3
 Ice Form                 Ice/Tmut       4%         N/A       86%         4
 Blade Hands              Tmut           3%         N/A       96%         5


Dungeon Overview and Level Annotations

Branches:
Dungeon (1/15)

Altars:


Innate Abilities, Weirdness & Mutations

Your serpentine skin is tough. (AC +0)
You have supernaturally acute eyesight. (SInv)
Armour fits poorly on your strangely shaped body.
Your system is resistant to poisons. (rPois)
You cover ground very slowly.
You can spit poison.
You have a snake-like lower body.
You have a pair of horns on your head.


Message History

You kill the bat!
A goblin comes into view.
The goblin shouts!
You have got your breath back.
A kobold comes into view.
The kobold throws a stone.
The stone hits you.
You see here a +1 helmet.
b - a +1 helmet Your horns disappear.
The kobold throws a stone.
The stone hits you. The goblin hits you.
Abil: Spit Poison
Press: ? - help, Q - select action, (/) - cycle Shift-Dir - straight line, f - goblin
Aim: a goblin The splash of poison misses the goblin.
The goblin completely misses you.
A giant cockroach comes into view.
The goblin barely misses you.
You barely miss the goblin.
You have got your breath back.
The goblin completely misses you.
You miss the goblin. The goblin hits you.
You hit the goblin.
The goblin is moderately wounded.
The goblin hits you.
You barely miss the goblin.
The goblin is moderately wounded.
The goblin hits you.
* * * LOW HITPOINT WARNING * * *
Abil: Spit Poison
Press: ? - help, Q - select action, (/) - cycle Shift-Dir - straight line, f/p - goblin
Aim: a goblin (moderately wounded)
The splash of poison hits the goblin!
You kill the goblin!
You hit the kobold but do no damage. The kobold hits you.
* * * LOW HITPOINT WARNING * * *
Casting: Beastly Appendage (safe; 11% risk of failure)
Confirm with . or Enter, or press ? or * to list all spells.
You grow a pair of large bovine horns.
The kobold hits you.
You die...

### #..
.######.#######
K..............
#..# .#
#..########.#
#.BK..(......
.......#@.###...
......###..# .#
###### #..##.#
##.#.# ##.##
##.# ##.## ##.##
##.##


You could see a giant cockroach and a kobold.

Vanquished Creatures
  A bat (D:1)
  A goblin (D:1)
2 creatures vanquished.

Notes
Turn   | Place    | Note
-------+----------+-------------------------------------------
     0 | D:1      | kae the Naga Transmuter began the quest for the Orb.
     0 | D:1      | Reached XP level 1. HP: 18/18 MP: 3/3
    56 | D:1      | Slain by a kobold

Illustrated notes

Levels and vault maps discovered:
D:1:      nagdon_arrival_zigzag_paths, layout_loops_ring,
          minmay_misc_feat_pillars

Action                   || total
-------------------------++-------
Melee: Unarmed           ||     8
 Cast: Beastly Appendage ||     2
 Abil: Spit Poison       ||     3
Armor: Robe              ||     5
Dodge: Dodged            ||     7

Table legend: (Time is in decaauts)
 A = Elapsed time spent in this place.
 B = Non-inter-level travel time spent in this place.
 C = Inter-level travel time spent in this place.
 D = Time resting spent in this place.
 E = Time spent auto-exploring this place.
 F = Levels seen in this place.
 G = Mean time per level.
                   A        B        C        D        E       F      G
               +--------+--------+--------+--------+--------+-----+--------+
         Total |     71 |     71 |      0 |      0 |     40 |   1 |   71.0 |
       Dungeon |     71 |     71 |      0 |      0 |     40 |   1 |   71.0 |
               +--------+--------+--------+--------+--------+-----+--------+

Top non-repeatable levels by time:
     D:1: 71 daAuts
